 Dungeon Crawl Stone Soup version 0.17.0-26-gececa24 (webtiles) character file.

102 Oni the Shield-Bearer (level 5, -6/42 HPs)
             Began as a Formicid Fighter on Nov 20, 2015.
             Was an Initiate of Dithmenos.
             Killed from afar by Sigmund (7 damage)
             ... with a wand of flame
             ... on level 3 of the Dungeon.
             The game lasted 00:07:57 (1962 turns).

Oni the Shield-Bearer (Formicid Fighter)            Turns: 1962, Time: 00:07:57

Health: -6/42      AC: 11    Str: 24    XL:     5   Next: 5%
Magic:  5/5        EV:  5    Int:  8    God:    Dithmenos [......]
Gold:   117        SH: 11    Dex: 10    Spells: 0 memorised, 4 levels left

rFire  . . .     SeeInvis +     a - +0 war axe
rCold  . . .     Clarity  .     g - +0 plate armour
rNeg   . . .     SustAt   .     c - +1 shield
rPois  .         Gourm    +     (helmet unavailable)
rElec  .         Spirit   .     (no cloak)
rCorr  .         Warding  .     (no gloves)
rMut   .         Stasis   +     (no boots)
MR     .....                    i - amulet of the gourmand
Stlth  ..........               (no ring)
                                (no ring)

@: mighty, not resistant to hostile enchantments, extremely unstealthy
A: permanent stasis, dig shafts and tunnels, four strong arms, antennae 3, claws
1, regeneration 1, screaming 1, spit poison 1, weak 1
a: Dig, Shaft Self, Spit Poison, Renounce Religion


You were on level 3 of the Dungeon.
You worshipped Dithmenos.
Dithmenos was noncommittal.
You were not hungry.

You visited 1 branch of the dungeon, and saw 3 of its levels.

You collected 117 gold pieces.

Inventory:

Hand Weapons
 a - a +0 war axe (weapon)
Armour
 c - a +1 shield (worn)
 g - a +0 plate armour (worn)
Jewellery
 f - an uncursed ring of protection from cold
 i - an amulet of the gourmand (around neck)
Scrolls
 b - a scroll of fear {unknown}
 h - 3 scrolls of identify
Comestibles
 e - a bread ration
 j - a beef jerky


   Skills:
 + Level 3.8 Fighting
 + Level 2.8 Axes
 + Level 4.0 Armour
 + Level 0.5 Dodging
 + Level 0.3 Stealth
 + Level 4.6 Shields


You had 4 spell levels left.
You didn't know any spells.

Dungeon Overview and Level Annotations

Branches:
Dungeon (3/15)

Altars:
Dithmenos
Elyvilon
Gozag
Vehumet

Annotations:
D:3 Sigmund


Innate Abilities, Weirdness & Mutations

You are under a permanent stasis effect.
You can dig through walls and to a lower floor.
Your four strong arms can wield two-handed weapons with a shield.
You have a pair of large antennae on your head (SInv).
You have sharp fingernails.
Your natural rate of healing is unusually fast.
You occasionally shout uncontrollably at your foes.
You can spit weak poison.
You are weak. (Str -2)


Message History

You barely miss Sigmund.
Sigmund zaps a wand.
The puff of flame hits you!
Your plate armour prevents you from hitting Sigmund.
Sigmund hits you but does no damage.
You completely miss Sigmund.
Sigmund zaps a wand.
The puff of flame hits you!
You hit Sigmund.
Sigmund is lightly wounded.
Sigmund hits you with a scythe.
You closely miss Sigmund.
Sigmund is lightly wounded.
Sigmund zaps a wand.
The puff of flame hits you!
* * * LOW HITPOINT WARNING * * *
You completely miss Sigmund.
Sigmund is lightly wounded.
Sigmund zaps a wand.
The puff of flame hits you!
* * * LOW HITPOINT WARNING * * *
Sigmund zaps a wand.
You block the puff of flame.
Drink which item? (? for menu, Esc to quit)
You feel very mighty all of a sudden.
Sigmund zaps a wand.
The puff of flame hits you!
You die...

.#.# . .. .#.##.#.# ...
.#.#### ## #.###...... .##
#<##...# ### .. #......# #
#.. .# ####<..# #.##.##.##
#...# #........# #...#
##.#@###.# #...# .#@## .#
####...######.#w.# .### ..
...............##.# .@.#...
...............##.##.......
.......................#
#####...####.####.#.#.##
#...# #.###.###..# #...#
#......# ..#


You could see Sigmund and a worm.

Vanquished Creatures
  Terence (D:2)
  A gnoll (D:1)
  An adder (D:2)
  An ooze (D:2)
  3 worms (D:2)
  2 giant geckos
  5 goblins (D:1)
  9 hobgoblins
  A quokka (D:2)
  5 bats
  A giant cockroach (D:1)
  2 giant newts (D:1)
  10 kobolds
  3 rats
45 creatures vanquished.

Vanquished Creatures (others)
  A fungus (D:1)
1 creature vanquished.

Grand Total: 46 creatures vanquished

Notes
Turn   | Place    | Note
--------------------------------------------------------------
     0 | D:1      | Oni the Formicid Fighter began the quest for the Orb.
     0 | D:1      | Reached XP level 1. HP: 18/18 MP: 1/1
     6 | D:1      | Gained mutation: You can spit weak poison. [potion of mutation]
     6 | D:1      | Gained mutation: Your natural rate of healing is unusually fast. [potion of mutation]
     6 | D:1      | Gained mutation: You have sharp fingernails. [potion of mutation]
   175 | D:1      | Reached XP level 2. HP: 20/24 MP: 2/2
   368 | D:1      | Reached XP level 3. HP: 25/30 MP: 3/3
   531 | D:1      | Gained mutation: You occasionally shout uncontrollably at your foes. [potion of mutation]
   531 | D:1      | Gained mutation: You are weak. (Str -2) [potion of mutation]
   736 | D:1      | Reached skill level 4 in Shields
  1158 | D:2      | Found a radiant altar of Vehumet.
  1198 | D:2      | Reached XP level 4. HP: 37/37 MP: 4/4
  1281 | D:2      | Found a white marble altar of Elyvilon.
  1504 | D:2      | Found an opulent altar of Gozag.
  1526 | D:2      | Noticed Terence
  1533 | D:2      | Killed Terence
  1623 | D:2      | Found a shadowy altar of Dithmenos.
  1695 | D:2      | Became a worshipper of Dithmenos the Shadowed
  1745 | D:2      | Reached XP level 5. HP: 42/42 MP: 5/5
  1941 | D:3      | Noticed Sigmund
  1961 | D:3      | HP: 1/42 [Sigmund/wand of flame (4)]
  1962 | D:3      | Killed from afar by Sigmund

Action                   |  1- 3 |  4- 6 || total
-------------------------+-------+-------++-------
Melee: War axe           |    96 |    68 ||   164
 Abil: Dig               |     1 |       ||     1
  Use: Potion            |     5 |     3 ||     8
       Scroll            |     4 |     3 ||     7
  Eat: Chunk             |       |     3 ||     3
       Beef jerky        |       |     1 ||     1
